 Dungeon Crawl Stone Soup version 0.18-a0-1782-gb76a692 (webtiles) character file.

42394 4thArraOfDagon the Impaler (level 14, -4/123 HPs)
             Began as a Naga Assassin on Apr 17, 2016.
             Was a High Priest of Makhleb.
             Slain by a red devil
             ... wielding a +1 demon trident of pain
             ... summoned by an orc high priest
              (10 damage)
             ... on level 2 of the Orcish Mines.
             The game lasted 01:04:43 (8932 turns).

4thArraOfDagon the Impaler (Naga Assassin)          Turns: 8932, Time: 01:04:44

Health: -4/123     AC:  0    Str: 19    XL:     14   Next: 19%
Magic:  25/25      EV: 13    Int: 18    God:    Makhleb [*****.]
Gold:   1662       SH:  0    Dex: 21    Spells: 1 memorised, 5 levels left

rFire  . . .     SeeInvis +     v - +10 bardiche "Riwkoo" {freeze, rC+}
rCold  + + .     Gourm    .     f - +0 troll leather armour
rNeg   . . .     Faith    .     (shield currently unavailable)
rPois  +         Spirit   .     j - +3 hat of Pondering {ponderous, MR+ MP+10 Int+5}
rElec  .         Dismiss  .     I - +0 cloak {MR+}
rCorr  .         Reflect  .     p - +2 pair of gloves {Str+3}
SustAt .         Harm     .     (no barding)
MR     +++..                    (no amulet)
Stlth  ++........               O - +4 ring of dexterity
                                d - +3 ring of strength

@: liquid flames, about to teleport, corroded, glowing, drained, very slow,
extremely resistant to hostile enchantments, unstealthy
A: slimy green scales 1, thin metallic scales 1, see invisible, cold resistance
1, deformed body, low mp 1, sense surroundings 1, poison resistance, shaggy fur
2, slowness 2, slow metabolism 1, spit poison 2, constrict 1, AC +4
a: Spit Poison, Minor Destruction, Lesser Servant of Makhleb, Major Destruction,
Greater Servant of Makhleb, Renounce Religion


You were on level 2 of the Orcish Mines.
You worshipped Makhleb.
Makhleb was extremely pleased with you.
You were not hungry.

You visited 2 branches of the dungeon, and saw 17 of its levels.
You visited 1 bazaar.
You also visited: Sewer, Bailey and Ice Cave.

You collected 2759 gold pieces.
You spent 1097 gold pieces at shops.

Inventory:

Hand Weapons
 b - a +0 blowgun
 v - the +10 bardiche "Riwkoo" (weapon) {freeze, rC+}
   (You bought it in a shop on level 5 of the Dungeon)

   It has been specially enchanted to freeze those struck by it, causing extra
   injury to most foes and up to half again as much damage against particularly
   susceptible opponents.
   It can also slow down cold-blooded creatures.
   It protects you from cold.
 A - the +8 battleaxe "Rummage" {flame, rPois}
   (You found it on level 12 of the Dungeon)

   It has been specially enchanted to burn those struck by it, causing extra
   injury to most foes and up to half again as much damage against particularly
   susceptible opponents.
   Big, fiery blades are also staple armaments of hydra-hunters.
   It protects you from poison.
Missiles
 e - 39 poisoned needles
 o - 11 curare-tipped needles
 D - 2 throwing nets (quivered)
Armour
 f - a +0 troll leather armour (worn)
 j - the +3 hat of Pondering (worn) {ponderous, MR+ MP+10 Int+5}
   (You bought it in a shop on level 2 of the Orcish Mines)

   It affects your intelligence (+5).
   It affects your resistance to hostile enchantments.
   It affects your magic capacity (+10).
 p - a +2 pair of gloves of strength (worn)
 I - a +0 cloak of magic resistance (worn)
Magical Staves
 H - an uncursed staff of earth {unknown}
Jewellery
 d - a +3 ring of strength (left hand)
 k - an uncursed ring of fire
 x - an uncursed ring of sustain attributes
 B - an uncursed ring of fire
 F - an uncursed ring of protection from fire
 O - a +4 ring of dexterity (right hand)
Wands
 a - a wand of disintegration (15/24)
 c - a wand of polymorph (11/24)
 h - a wand of lightning (0/15)
 i - a wand of confusion (18/48)
 q - a wand of iceblast (2/15)
 r - a wand of iceblast (11/15)
 E - a wand of paralysis (14/24)
 K - a wand of confusion (20/48)
 L - a wand of paralysis (0/24)
 N - a wand of iceblast (2/15)
 Q - a wand of iceblast (8/15)
 T - a wand of acid (0/15)
 W - a wand of acid (6/15)
Scrolls
 u - 8 scrolls of remove curse
 y - 5 scrolls of teleportation
 G - 5 scrolls of enchant weapon
 M - a scroll of magic mapping
 R - a scroll of holy word
 Y - a scroll of fear
 Z - 2 scrolls of identify
Potions
 m - 5 potions of brilliance
 n - 7 potions of curing
 s - 2 potions of invisibility
 t - 3 potions of cure mutation
 w - 2 potions of flight
 J - a potion of haste
 P - a potion of magic
 S - a potion of heal wounds
 U - 2 potions of agility {????}
 V - a potion of berserk rage
Miscellaneous
 l - a box of beasts
 z - a plain deck of wonders
 X - a plain deck of war {drawn: 1}
Comestibles
 g - 8 bread rations
 C - 3 meat rations


   Skills:
 - Level 7.2(6.7) Fighting
   Level 2.0(5.3) Short Blades
   Level 8.6(8.3) Long Blades
 * Level 17.9(17.3) Polearms
 - Level 1.7(1.3) Throwing
 - Level 5.0(4.6) Armour
 - Level 5.1(4.7) Dodging
 - Level 5.8(5.4) Stealth
 - Level 4.0(3.6) Invocations
 - Level 3.2(2.8) Evocations


You had 5 spell levels left.
You knew the following spells:

 Your Spells              Type           Power        Failure   Level  Hunger
a - Controlled Blink      Tloc           N/A          100%        8    #######


Dungeon Overview and Level Annotations

Branches:
Dungeon (15/15)            Temple (0/1) D:6            Lair (0/8) D:9
    Orc (2/2) D:12            Elf (0/3) Orc:2        Vaults (0/5) D:14
 Depths: D:15

Altars:
Fedhas
Gozag
Kikubaaqudgha
Makhleb
Nemelex Xobeh
Ru
Sif Muna
Vehumet
Zin
Beogh

Shops:
D:2 *   D:5 ?(((   Orc:2 [?(}

Annotations:
D:4 Menkaure
D:7 epen's ghost, novice DsAK
D:10 Fannar; Psyche


Innate Abilities, Weirdness & Mutations

You cannot wear boots.
Your serpentine skin is tough (AC +4).
You have supernaturally acute eyesight.
Armour fits poorly on your strangely shaped body.
Your system is resistant to poisons.
You cover ground very slowly.
You have a slow metabolism.
You can spit poison.
You can use your snake-like lower body to constrict enemies.
You are partially covered in slimy green scales (AC +2).
You are partially covered in thin metallic scales (AC +2).
Your flesh is cold resistant.
Your magical capacity is low (-10% MP).
You passively map a small area around you.
You are covered in thick fur (AC +2).


Message History

You feel strangely unstable. The smoke demon gestures at you.
The sticky flame hits you!
You are covered in liquid flames!
The rust devil hits you. The rust devil corrodes you!
The orc barely misses you. The orc high priest barely misses you.
Unknown command.
You are covered in liquid flames!
* * * LOW HITPOINT WARNING * * *
The smoke demon hits you.
* * * LOW HITPOINT WARNING * * *
The smoke demon hits you.
* * * LOW HITPOINT WARNING * * *
The smoke demon hits you.
* * * LOW HITPOINT WARNING * * *
The orc priest mumbles some strange prayers to Beogh against you.
Beogh smites you!
* * * LOW HITPOINT WARNING * * *
The red devil hits you with a demon trident of pain!
You die...

* * * , ####* , * , #
.#.## .#..# ##.##...##
#.....# # #....T...##
#...... ##
.....o$o..###......#####.
,
.....oo..###........#.###
......34@..#........#....
, , .......4.......#
#....... , ,
..##..........## #.......
. ###.......#####.......
,,#..........##........ ,
....................<. ,
, .......##............#.
, .......####.........###
* ......# #........## #


You could see an orc high priest, a rust devil, a troll, a smoke demon, a red
devil, an orc warrior, an orc priest and an orc.

Vanquished Creatures
  A frost giant (D:12)
  6 vault guards (D:14)
  An ogre mage (Orc:2)
  2 ice dragons (IceCv)
  A tengu warrior (D:15)
  Nergalle (Orc:2)
  6 unseen horrors
  7 hill giants
  Pikel (D:8)
  A deep elf mage (D:15)
  5 ugly things
  4 orc sorcerers (Orc:2)
  3 cyclopes
  A manticore (D:14)
  Maurice (D:8)
  2 ice statues (IceCv)
  2 gargoyles (D:14)
  A centaur skeleton (D:13)
  A yaktaur (D:11)
  A troll (D:6)
  The ghost of nubinia the Magician, a novice SpVM of Okawaru (D:6)
  5 slime creatures (D:13)
  A two-headed ogre (D:11)
  2 wraiths (D:11)
  6 yaks
  2 wyverns
  A hippogriff (D:14)
  4 vampire mosquitoes
  2 mottled dragons
  A warg (Orc:1)
  2 slaves (D:8)
  2 black bears
  14 orc warriors
  16 ice beasts
  2 wasps (D:11)
  5 sky beasts
  5 centaurs
  3 phantoms
  A necrophage (D:11)
  7 ogres
  12 giant frogs
  2 big kobolds
  A wyvern zombie (D:12)
  7 scorpions
  A wyvern skeleton (D:5)
  18 killer bees
  A howler monkey (D:9)
  6 crimson imps
  A lava snake (D:12)
  A centaur zombie (D:12)
  A wyvern simulacrum (D:14)
  9 hounds
  4 jellies
  Crazy Yiuf (D:7)
  13 orc priests
  3 giant frog skeletons
  29 orc wizards
  2 iguanas
  6 worker ants
  A sheep (D:7)
  4 hound skeletons
  2 worker ant zombies
  8 gnolls
  5 adders
  5 shadow imps
  12 white imps (Orc:2)
  An adder zombie (D:9)
  4 worms
  2 dart slugs
  8 giant geckos
  47 orcs
  A ball python (D:5)
  10 giant cockroaches
  4 goblins
  3 hobgoblins
  13 jackals
  28 kobolds
  3 quokkas
  3 bats (D:1)
  4 giant newts
  2 quokka skeletons
  A quokka zombie (D:5)
  7 rats
426 creatures vanquished.

Vanquished Creatures (collateral kills)
  2 vault guards (D:14)
  Josephine (D:11)
  A hydra (D:13)
  An ogre mage (Orc:2)
  2 centaur warriors
  Urug (D:12)
  An orc knight (Bailey)
  4 orc sorcerers (Orc:2)
  5 ugly things
  A griffon (D:13)
  2 two-headed ogres
  A slime creature (D:13)
  4 yaks (D:12)
  A wraith (D:11)
  A mottled dragon (D:14)
  3 orc warriors
  An ice beast (D:12)
  A big kobold (D:12)
  2 killer bees (D:13)
  A wasp zombie (D:12)
  2 crimson imps
  7 orc wizards
  An iguana (D:14)
  10 orcs
  A jackal (D:11)
  5 kobolds
62 creatures vanquished.

Vanquished Creatures (others)
  Eustachio (D:6)
  A withered plant (D:5)
2 creatures vanquished.

Grand Total: 490 creatures vanquished

Notes
Turn   | Place    | Note
--------------------------------------------------------------
     0 | D:1      | 4thArraOfDagon the Naga Assassin began the quest for the Orb.
     0 | D:1      | Reached XP level 1. HP: 19/19 MP: 1/1
   102 | D:1      | Reached XP level 2. HP: 18/27 MP: 2/2
   143 | D:3      | Found a glowing drain.
   197 | Sewer    | Entered a sewer
   202 | Sewer    | :(
   288 | D:3      | Reached XP level 3. HP: 25/34 MP: 3/3
   385 | D:5      | Entered Level 5 of the Dungeon
   391 | D:5      | Noticed a sky beast
   422 | D:5      | Found Emuyrpho's Weapon Emporium.
   429 | D:5      | MEH!
   436 | D:5      | Noticed a sky beast
   444 | D:5      | Killed a sky beast
   444 | D:5      | Reached XP level 4. HP: 45/45 MP: 3/5
   444 | D:5      | Reached XP level 5. HP: 51/51 MP: 3/6
   451 | D:5      | Gained mutation: You passively map a small area around you. [mutagenic meat]
   452 | D:5      | Gained mutation: Your magical capacity is low (-10% MP). [mutagenic meat]
   477 | D:5      | Noticed an ogre
   478 | D:5      | LETS DIE
   479 | D:5      | Killed an ogre
   479 | D:5      | Reached skill level 1 in Long Blades
   483 | D:5      | Found an ancient bone altar of Kikubaaqudgha.
   537 | D:5      | Found Doseihud's Weapon Shoppe.
   615 | D:5      | Reached XP level 6. HP: 54/58 MP: 7/7
   799 | D:5      | Found Ozxohiax's Magic Scroll Shop.
   800 | D:5      | Found a burning altar of Makhleb.
   809 | D:5      | Yawgmoth: what determins the score of a succesfull run ?
   809 | D:5      | Yawgmoth: turn count ?
   809 | D:5      | Became a worshipper of Makhleb the Destroyer
   819 | D:5      | BLOAX: Turncount * Runes
   831 | D:5      | Bought a scroll of identify for 24 gold pieces
   831 | D:5      | Bought a scroll of identify for 24 gold pieces
   831 | D:5      | Yawgmoth: and more turns = lower score ?
   831 | D:5      | BLOAX: ??score
   831 | D:5      | beem: score[1/4]: modified XP + runes * (runes + 12) * 1000. For winners, add 254000 + 2000 * runes + 6250000000 * runes^2/turns.
   866 | D:5      | BLOAX: yes
   894 | D:5      | BLOAX: !hs *
   898 | D:5      | Yawgmoth: aight
   901 | D:5      | beem: 5482516. edsrzf the Devastator (L23 DsCj of Okawaru), blasted by an ancient lich (crystal spear) on Depths:3 (lemuel_river_lethe) on 2016-03-20 21:39:50, with 1859332704 points after 61543 turns and 5:46:14.
   936 | D:5      | Found Etzom's Antique Weapon Boutique.
   944 | D:5      | BLOAX: lol
   944 | D:5      | OFC
   950 | D:4      | Noticed an orc warrior
   950 | D:4      | Yawgmoth: !hs *
   951 | D:4      | beem: 5482516. edsrzf the Devastator (L23 DsCj of Okawaru), blasted by an ancient lich (crystal spear) on Depths:3 (lemuel_river_lethe) on 2016-03-20 21:39:50, with 1859332704 points after 61543 turns and 5:46:14.
   952 | D:4      | BLOAX: !hs * won
   952 | D:4      | beem: 40758. Sapher the Executioner (L26 DDWr of Makhleb), escaped with the Orb and 15 runes on 2015-04-14 11:22:20, with 75023051 points after 19063 turns and 12:08:08.
   975 | D:5      | Reached XP level 7. HP: 62/66 MP: 8/8
   976 | D:5      | BLOAX: good score bug
   987 | D:5      | BLOAX: !hs * -2
   994 | D:5      | beem: 5482515/5482516. Sapher the Executioner (L26 DDWr of Makhleb), escaped with the Orb and 15 runes on 2015-04-14 11:22:20, with 75023051 points after 19063 turns and 12:08:08.
  1018 | D:6      | Yawgmoth: does it work for everyone ?
  1050 | D:5      | BLOAX: what exactly?
  1053 | D:5      | Yawgmoth: !hs * won
  1061 | D:5      | Yawgmoth: ah
  1078 | D:6      | Noticed nubinia's ghost (novice SpVM)
  1086 | D:5      | Reached skill level 5 in Long Blades
  1101 | D:6      | Yawgmoth: the score display
  1136 | D:6      | BLOAX: !hs * won -2
  1138 | D:6      | beem: 40757/40758. 4thArraOfDagon the Warrior (L27 VSMo of Cheibriados), escaped with the Orb and 15 runes on 2015-11-12 23:43:57, with 74467661 points after 19225 turns and 6:26:32.
  1144 | D:6      | BLOAX: !hs * won -3
  1146 | D:6      | beem: 40756/40758. Charly the Impregnable (L27 DDFi of Makhleb), escaped with the Orb and 15 runes on 2015-10-25 05:59:30, with 70981243 points after 20170 turns and 12:22:01.
  1165 | D:6      | Noticed a troll
  1176 | D:6      | Killed a troll
  1193 | D:6      | Reached XP level 8. HP: 26/73 MP: 9/9
  1201 | D:6      | Reached * piety under Makhleb
  1219 | D:6      | Noticed Eustachio
  1230 | D:6      | Killed Eustachio
  1355 | D:4      | BAD MOVE
  1662 | D:2      | Found a sacrificial altar of Ru.
  1662 | D:2      | Found a blossoming altar of Fedhas.
  1663 | D:2      | Found a sparkling altar of Nemelex Xobeh.
  1777 | D:3      | Reached skill level 1 in Dodging
  1963 | D:1      | Reached ** piety under Makhleb
  2041 | D:2      | Found Gozag's Platinum Reserve.
  2043 | D:2      | Found an opulent altar of Gozag.
  2147 | D:2      | Found a glowing silver altar of Zin.
  2148 | D:2      | Found an opulent altar of Gozag.
  2472 | D:4      | jacquesderrida: ASASEN
  2507 | D:4      | Reached skill level 1 in Armour
  2552 | D:4      | Reached skill level 5 in Fighting
  2552 | D:4      | Reached XP level 9. HP: 58/81 MP: 10/10
  2570 | D:4      | Noticed Menkaure
  2677 | D:4      | Reached *** piety under Makhleb
  3119 | D:6      | Found a staircase to the Ecumenical Temple.
  3162 | D:6      | Gained mutation: You are covered in fur (AC +1). [mutagenic meat]
  3206 | D:6      | Killed nubinia's ghost
  3292 | D:6      | Noticed a hill giant
  3449 | D:7      | Noticed epen's ghost (novice DsAK)
  3599 | D:7      | Noticed Crazy Yiuf
  3607 | D:7      | Killed Crazy Yiuf
  3755 | D:7      | Reached **** piety under Makhleb
  4113 | D:8      | Found a deep blue altar of Sif Muna.
  4114 | D:8      | Noticed Pikel
  4201 | D:8      | Noticed Maurice
  4219 | D:8      | Killed Maurice
  4219 | D:8      | Reached XP level 10. HP: 92/92 MP: 11/11
  4570 | D:5      | Bought a transparent bardiche for 350 gold pieces
  4570 | D:5      | Identified the +10 bardiche "Riwkoo" {freeze, rC+} (You bought it in a shop on level 5 of the Dungeon)
  4571 | D:5      | !
  4594 | D:5      | Gained mutation: You are partially covered in slimy green scales (AC +2). [mutagenic meat]
  4595 | D:5      | Gained mutation: You are partially covered in thin metallic scales (AC +2). [mutagenic meat]
  4602 | D:5      | jacquesderrida: sshiiiiiiiiiiiiiiiiiiiiet mayne
  4642 | D:5      | 4thArraOfDagon: RIKOOO
  4659 | D:5      | jacquesderrida: we berd iche now
  4659 | D:5      | Bought a scroll of identify for 24 gold pieces
  4781 | D:8      | Reached skill level 1 in Polearms
  4789 | D:8      | Killed Pikel
  4789 | D:8      | Reached skill level 2 in Polearms
  4789 | D:8      | Reached skill level 5 in Armour
  4789 | D:8      | Reached skill level 5 in Dodging
  4900 | D:9      | Learned a level 8 spell: Controlled Blink
  4969 | D:9      | Reached ***** piety under Makhleb
  4995 | D:9      | Reached skill level 3 in Polearms
  4995 | D:9      | Reached skill level 1 in Invocations
  5027 | D:10     | Entered Level 10 of the Dungeon
  5038 | D:10     | Noticed an unseen horror
  5064 | D:10     | Killed an unseen horror
  5064 | D:10     | Reached skill level 4 in Polearms
  5093 | D:9      | BLOAX: oh dang
  5102 | D:9      | BLOAX: nice weapon
  5160 | D:9      | Found a staircase to the Lair.
  5293 | D:10     | Reached skill level 5 in Polearms
  5371 | D:10     | Noticed a hill giant
  5382 | D:10     | Killed a hill giant
  5382 | D:10     | Reached skill level 6 in Polearms
  5421 | D:10     | Reached XP level 11. HP: 92/100 MP: 12/12
  5436 | D:10     | Noticed a hill giant
  5455 | D:10     | Killed a hill giant
  5455 | D:10     | Reached skill level 7 in Polearms
  5481 | D:10     | Noticed Fannar
  5521 | D:10     | Noticed Psyche
  5561 | D:10     | Noticed Sonja
  5564 | D:10     | Noticed Sonja
  5564 | D:10     | Sonja changed into Sonja the wyvern
  5568 | D:10     | Killed Sonja the wyvern
  5569 | D:10     | Noticed a hill giant
  5572 | D:10     | Killed a hill giant
  5655 | D:11     | Reached skill level 8 in Polearms
  5696 | D:11     | Noticed a white ugly thing
  5725 | D:11     | Found a flagged portal.
  5738 | Bailey   | Entered a bailey
  5847 | Bailey   | Noticed an orc knight
  5852 | Bailey   | Killed an orc knight
  5861 | Bailey   | Found a burning altar of Makhleb.
  5926 | D:11     | Killed a white ugly thing
  5926 | D:11     | Reached skill level 9 in Polearms
  5965 | D:11     | Noticed a hill giant
  5972 | D:11     | Killed a hill giant
  6052 | D:11     | Noticed an unseen horror
  6072 | D:11     | Killed an unseen horror
  6072 | D:11     | Reached skill level 10 in Polearms
  6130 | D:11     | Noticed Josephine
  6136 | D:11     | Killed Josephine
  6261 | D:13     | Noticed an unseen horror
  6265 | D:13     | Reached skill level 11 in Polearms
  6268 | D:13     | Killed an unseen horror
  6286 | D:13     | Noticed a white ugly thing
  6300 | D:13     | Noticed a cyclops
  6309 | D:13     | Reached XP level 12. HP: 107/109 MP: 13/13
  6336 | D:13     | Found a flickering gateway to a bazaar.
  6349 | Bazaar   | Entered a bazaar
  6370 | Bazaar   | Found Kizosung's Food Boutique.
  6393 | Bazaar   | Found Qefusk's Food Boutique.
  6419 | Bazaar   | Found Uduwum's Food Boutique.
  6430 | Bazaar   | Found Lebarufa's Food Shop.
  6447 | Bazaar   | M4edhros: Lol
  6452 | Bazaar   | M4edhros: lol 4x
  6454 | D:13     | feelmyfire: rofl
  6475 | D:13     | M4edhros: best bazaar i ever seen
  6480 | D:13     | Noticed a four-headed hydra
  6592 | D:13     | Reached skill level 12 in Polearms
  6812 | D:12     | Noticed Urug
  6829 | D:12     | Killed Urug
  6877 | D:12     | Reached skill level 13 in Polearms
  6916 | D:12     | M4edhros: ozoc?
  6985 | D:12     | Noticed a frost giant
  7067 | D:12     | Killed a frost giant
  7100 | D:12     | Got a steaming battleaxe
  7120 | D:13     | Identified the +8 battleaxe "Rummage" {flame, rPois} (You found it on level 12 of the Dungeon)
  7149 | D:14     | Noticed a centaur warrior
  7197 | D:13     | Noticed a centaur warrior
  7202 | D:13     | Reached skill level 14 in Polearms
  7204 | D:13     | Killed a centaur warrior
  7295 | D:13     | Killed a four-headed hydra
  7335 | D:14     | Gained mutation: Your flesh is cold resistant. [potion of mutation]
  7335 | D:14     | Gained mutation: You are covered in thick fur (AC +2). [potion of mutation]
  7357 | D:14     | Gained mutation: You can use your snake-like lower body to constrict enemies. [Naga growth]
  7357 | D:14     | Reached XP level 13. HP: 115/115 MP: 14/14
  7360 | D:14     | Noticed a vault guard
  7360 | D:14     | Noticed a vault guard
  7362 | D:14     | Noticed a vault guard
  7363 | D:14     | Killed a vault guard
  7364 | D:14     | Noticed a vault guard
  7366 | D:14     | Noticed a vault guard
  7367 | D:14     | Noticed a vault guard
  7368 | D:14     | Noticed a vault guard
  7369 | D:14     | Killed a vault guard
  7369 | D:14     | Reached skill level 15 in Polearms
  7374 | D:14     | Killed a vault guard
  7377 | D:14     | Killed a vault guard
  7382 | D:14     | Killed a vault guard
  7387 | D:14     | Killed a vault guard
  7393 | D:14     | Killed a vault guard
  7407 | D:14     | Found a gate to the Vaults.
  7466 | D:14     | Noticed a vault guard
  7471 | D:14     | Killed a vault guard
  7473 | D:15     | Entered Level 15 of the Dungeon
  7599 | D:15     | Reached skill level 16 in Polearms
  8058 | D:12     | Found a staircase to the Orcish Mines.
  8069 | Orc:1    | Entered Level 1 of the Orcish Mines
  8129 | Orc:2    | Entered Level 2 of the Orcish Mines
  8129 | Orc:2    | Found a frozen archway.
  8151 | Orc:2    | Found a staircase to the Elven Halls.
  8159 | IceCv    | Entered an ice cave
  8192 | IceCv    | Reached skill level 17 in Polearms
  8237 | IceCv    | Reached ****** piety under Makhleb
  8263 | IceCv    | Noticed an ice dragon
  8263 | IceCv    | Noticed an ice dragon
  8277 | IceCv    | Killed an ice dragon
  8280 | IceCv    | Killed an ice dragon
  8280 | IceCv    | Reached XP level 14. HP: 123/123 MP: 15/15
  8467 | Orc:2    | o
  8472 | Orc:2    | Out of bounds monster: Moloch's ghost at (0, 0), midx = 59 _Monster Moloch's ghost in rock_wall at (0, 0)
  8594 | Orc:2    | Found Ashuga Etuo's Gadget Boutique.
  8619 | Orc:2    | Found a radiant altar of Vehumet.
  8646 | Orc:2    | Found Urchatso's Magic Scroll Shop.
  8661 | Orc:2    | Found an ancient bone altar of Kikubaaqudgha.
  8661 | Orc:2    | Noticed Nergalle
  8676 | Orc:2    | Killed Nergalle
  8710 | Orc:2    | Found Ynwaam's Antique Weapon Shop.
  8744 | Orc:2    | Found a roughly hewn altar of Beogh.
  8744 | Orc:2    | Found Ary Idubli's Antique Armour Boutique.
  8769 | Orc:2    | Bought the +3 hat of Pondering {ponderous, MR+ MP+10 Int+5} for 444 gold pieces
  8815 | Orc:2    | Bought a scroll of teleportation for 42 gold pieces
  8815 | Orc:2    | Bought a scroll of magic mapping for 49 gold pieces
  8815 | Orc:2    | Bought a scroll of identify for 28 gold pieces
  8815 | Orc:2    | Bought a scroll of identify for 28 gold pieces
  8815 | Orc:2    | Bought a scroll of teleportation for 42 gold pieces
  8815 | Orc:2    | Bought a scroll of teleportation for 42 gold pieces
  8932 | Orc:2    | HP: 6/123 [orc priest/divine providence[an orc high priest] (11)]
  8932 | Orc:2    | Slain by a red devil

Vault maps used:
D:1:      dpeg_arrival_windows_large_door
D:2:      grunt_temple_overflow_gold_and_silver, gammafunk_temple_overflow_claw,
          nicolae_gozag_zags_fifth_avenue
D:3:      first_bread, serial_corexii_hall, corexii_hall_statues_i,
          corexii_hall_statues_i, portal_sewer_entry_f
D:4:      minmay_opposing_rooms, kennysheep_generic_room_10, uniq_menkaure
D:5:      kiku_gazebo_garden_becter, lemuel_round_altar, serial_shops,
          nicolae_shop_temple_entry_statues_fountains, shop,
          nicolae_shop_waterfront, nicolae_shop_stone, serial_bayou_lake_a
D:6:      temple_doors_d, uniq_eustachio
D:7:      uniq_crazy_yiuf_cottage
D:8:      old_standard_altar, uniq_pikel, uniq_maurice
D:9:      kennysheep_mini, tgw_trog, david_nohive_1
D:10:     uniq_psyche, uniq_sonja, uniq_fannar
D:11:     enter_bailey_2, uniq_josephine
D:12:     david_orc_4, kennysheep_island_fort, uniq_urug
D:13:     serial_shops, bzr_in_the_mist
D:14:     erik_vaults_2, hangedman_glass_teeth
D:15:     grunt_enter_depths_snipers, basic_altar, minmay_tree_intersection,
          lemuel_mausoleum_altar_yredelemnul, uniq_azrael
Orc:1:    serial_shops, nicolae_shop_behind_doors
Orc:2:    kennysheep_orc_mage_school, portal_ice_cave_entry_imps
Bazaar:   bazaar_minmay_snake
Sewer:    sewer_co_tree
Bailey:   bailey_axe_3, bailey
IceCv:    ice_cave_small_dragons

Skill      XL: |  1  2  3  4  5  6  7  8  9 10 11 12 13 |
---------------+----------------------------------------+-----
Fighting       | 3 4 5 6 7 |  7.2
Evocations     | 2 3 |  3.2
Long Blades    | 2 4 6 8 |  8.6
Dodging        | 2 4 5 |  5.1
Armour         | 1 4 5 |  5.0
Polearms       | 6 11 14 17 | 17.9
Invocations    | 4 |  4.0
Short Blades   | |  2.0
Throwing       | |  1.7
Stealth        | |  5.8

Action                   |  1- 3 |  4- 6 |  7- 9 | 10-12 | 13-15 || total
-------------------------+-------+-------+-------+-------+-------++-------
Melee: Dagger            |    35 |     7 |       |       |       ||    42
       Long sword        |       |    13 |   404 |    45 |       ||   462
       Bardiche          |       |       |       |   371 |   256 ||   627
       Constrict         |       |       |       |       |    57 ||    57
 Fire: Blowgun           |     4 |     3 |     7 |       |       ||    14
Throw: Throwing net      |       |       |     1 |       |       ||     1
Invok: Lesser Servant of |       |       |       |    31 |    23 ||    54
       Minor Destruction |       |       |       |     1 |       ||     1
 Abil: Spit Poison       |    19 |     6 |    48 |    33 |       ||   106
Evoke: Wand              |     1 |     5 |    23 |    19 |     1 ||    49
       Deck              |       |       |       |     1 |       ||     1
  Use: Scroll            |     6 |     3 |    14 |    14 |     4 ||    41
       Potion            |       |       |     3 |     2 |     4 ||     9
 Stab: Sleeping          |       |     2 |    12 |    14 |     8 ||    36
       Paralysed         |       |       |    12 |     1 |       ||    13
       Distracted        |       |       |     1 |     9 |     4 ||    14
       Confused          |       |       |       |     3 |       ||     3
  Eat: Chunk             |       |     5 |    14 |    21 |     3 ||    43
       Pizza             |       |       |       |     1 |       ||     1
       Royal jelly       |       |       |       |     1 |       ||     1
       Beef jerky        |       |       |       |     1 |       ||     1
Armor: Robe              |     9 |     4 |    17 |       |       ||    30
       Troll hide        |       |       |   122 |   197 |       ||   319
       Skin              |       |       |    35 |       |       ||    35
       Troll leather arm |       |       |       |     9 |   144 ||   153
Dodge: Dodged            |    18 |     8 |   179 |   380 |   208 ||   793
